 Dungeon Crawl Stone Soup version 0.17-a0-1691-g18a3847 (webtiles) character file.

5 Gorice the Ruffian (level 1, -1/13 HPs)
             Began as an Octopode Wanderer on Aug 20, 2015.
             Slain by a giant gecko (2 damage)
             ... on level 1 of the Dungeon.
             The game lasted 00:01:31 (289 turns).

Gorice the Ruffian (Octopode Wanderer)               Turns: 289, Time: 00:01:31

Health: -1/13      AC:  1    Str: 10    XL:     1   Next: 80%
Magic:  2/2        EV: 11    Int: 18    God:
Gold:   23         SH:  0    Dex:  8    Spells: 0 memorised, 2 levels left

rFire  . . .     SeeInvis .       - Unarmed
rCold  . . .     Clarity  .     (no shield)
rNeg   . . .     SustAt   .     (helmet restricted)
rPois  .         Gourm    .     (no amulet)
rElec  .         Spirit   .     (no ring)
rCorr  .         Warding  .     (no ring)
rMut   .         Stasis   .     (no ring)
MR     .....                    (no ring)
Stlth  +++.......               (no ring)
                                (no ring)
                                (no ring)
                                (no ring)

@: not resistant to hostile enchantments, fairly stealthy
A: almost no armour, amphibious, 8 rings, constrict 8, camouflage 1, gelatinous
body 1
a: no special abilities


You were on level 1 of the Dungeon.
You were not hungry.

You visited 1 branch of the dungeon, and saw 1 of its levels.

You collected 23 gold pieces.

Inventory:

Hand weapons
 e - a +0 club
Scrolls
 a - a scroll of blinking
Potions
 b - a potion of heal wounds {!q}
 c - a potion of curing
 d - a potion of lignification {!q}
Comestibles
 f - a bread ration {!e}
 g - 2 chunks of flesh


   Skills:
 + Level 1.1 Fighting
 + Level 0.8 Dodging
 + Level 1.9 Stealth
 - Level 3.0 Unarmed Combat
 - Level 1.0 Spellcasting
   Level 2.4 Poison Magic
   Level 2.1 Evocations


You had 2 spell levels left.
You didn't know any spells.

Dungeon Overview and Level Annotations

Branches:
Dungeon (1/15)

Altars:


Innate Abilities, Weirdness & Mutations

You cannot wear most types of armour.
You are amphibious.
You can wear up to eight rings at the same time.
You can use your tentacles to constrict eight enemies at once.
Your skin changes colour to match your surroundings (Stealth).
Your rubbery body absorbs attacks (AC +1).


Message History

You kill the hobgoblin!
No target in view!
No target in view!
You see here a hobgoblin corpse.
You butcher the hobgoblin corpse.
g - 5 chunks of flesh (gained 2)
Found a ring mail.
A hobgoblin and a kobold come into view.
You start resting.
A bat comes into view.
The bat hits you.
Damage: 1 (max 1)
You hit the bat.
You kill the bat!
Wield which item (- for none, * to show all)? (? for menu, Esc to quit)
You are now empty-tentacled.
The hobgoblin is too close now for your liking.
You see here a ring mail.
A rat comes into view.
The rat twitches its whiskers.
You barely miss the rat. You grab the rat. You constrict the rat.
The rat barely misses you.
You tentacle-slap the rat.
You kill the rat!
The hobgoblin is too close now for your liking.
Found 7 bolts.
A giant gecko comes into view.
The hobgoblin shouts!
You hear a shout!
The hobgoblin hits you but does no damage.
A kobold comes into view. It is wielding a club.
You closely miss the hobgoblin. You grab the hobgoblin.
You constrict the hobgoblin, but do no damage.
The hobgoblin closely misses you.
You tentacle-slap the hobgoblin.
The hobgoblin is moderately wounded.
You constrict the hobgoblin. The kobold hits you with a club.
The hobgoblin hits you with a club.
Damage: 6 (max 6)
You completely miss the hobgoblin.
The hobgoblin is severely wounded.
You constrict the hobgoblin.
You kill the hobgoblin!
The giant gecko barely misses you. The kobold hits you with a club.
* * * LOW HITPOINT WARNING * * *
The giant gecko bites you.
* * * LOW HITPOINT WARNING * * *
Damage: 6 (max 6) Some of the chunks of flesh in your inventory have rotted away.
The giant gecko bites you.
You die...

..# #.# ############## #.# .#
#.###............# #.# ##.##
....#.##########.# #.##....
......#### #.# #.#....#
.........# #.# ##......#
....#.##.#### #.# #.......
....#.......####[###.%##.##
#####.#..##.#...@l.K....).#
.........##.#.#..K....##..#
#####.#......................
# #.#.#...#.#.......##..(....
# #............#....# ..####.
...................# ..#
.###....###.######.## ..#
#.....# #.# #.# ..# ........
#.. ..


You could see a giant gecko and 2 kobolds.

Vanquished Creatures
  3 hobgoblins (D:1)
  A bat (D:1)
  A rat (D:1)
5 creatures vanquished.

Notes
Turn   | Place    | Note
--------------------------------------------------------------
     0 | D:1      | Gorice the Octopode Wanderer began the quest for the Orb.
     0 | D:1      | Gorice set off with: a scroll of blinking, a potion of heal wounds {!q}, a potion of curing, a potion of lignification {!q}, a +0 club, a bread ration {!e}
     0 | D:1      | Reached XP level 1. HP: 13/13 MP: 2/2
   282 | D:1      | HP: 2/13 [kobold/club (5)]
   289 | D:1      | Slain by a giant gecko

Vault maps used:
D:1:      eino_arrival_cavern_e, st_stairs_6

Action                   || total
-------------------------++-------
Melee: Unarmed           ||     5
       Club              ||     5
 Stab: Sleeping          ||     1

Table legend:
 A = Turns spent in this place as a percentage of turns spent in the entire game.
 B = Non-inter-level travel turns spent in this place as a percentage of non-inter-level travel turns spent in the entire game.
 C = Inter-level travel turns spent in this place as a percentage of turns spent in this place.
 D = Turns resting spent in this place as a percentage of non-inter-level travel turns spent in this place.
 E = Turns spent auto-exploring this place as a percentage of non-inter-level travel turns spent in this place.
 F = Non-inter-level travel turns spent in this place divided by the number of levels of this place that you've seen.
                   A       B       C       D       E      F
               +-------+-------+-------+-------+-------+----------------------
         Total | 100.0 | 100.0 |   0.0 |   2.3 |  10.2 |  88.0
       Dungeon | 100.0 | 100.0 |   0.0 |   2.3 |  10.2 |  88.0
               +-------+-------+-------+-------+-------+----------------------

Vault maps used:
D:1:      eino_arrival_cavern_e, st_stairs_6
